 Dungeon Crawl Stone Soup version 0.29.1-15-g9cfb28693d (webtiles) character file.

Game seed: 14007611666439836754

6 protoss039 the Digger (level 1, 0/14 HPs)
             Began as a Demonspawn Earth Elementalist on Mar 17, 2023.
             Slain by a jackal (2 damage)
             ... on level 1 of the Dungeon.
             The game lasted 00:00:12 (93 turns).

protoss039 the Digger (Demonspawn Earth Elementalist) Turns: 93, Time: 00:00:13

Health: 0/14       AC:  2    Str:  8    XL:     1   Next: 75%
Magic:  2/3        EV: 12    Int: 16    God:
Gold:   0          SH:  0    Dex: 13    Spells: 3/4 levels left

rFire   . . .      SeeInvis .   (no weapon)
rCold   . . .      Faith    .   (no shield)
rNeg    . . .      Spirit   .   a - +0 robe
rPois   .          Reflect  .   (no helmet)
rElec   .          Harm     .   (no cloak)
rCorr   .          Rampage  .   (no gloves)
Will    .....                   (no boots)
Stlth   ++........              (no amulet)
HPRegen 0.04/turn               (no ring)
MPRegen 0.08/turn               (no ring)

@: no status effects
A: no striking features
a: no special abilities


You were on level 1 of the Dungeon.
You visited 1 branch of the dungeon, and saw 1 of its levels.

Inventory:

Armour
 a - a +0 robe (worn)
Scrolls
 c - a scroll of identify {unknown}


   Skills:
 + Level 0.5 Fighting
 - Level 1.7 Dodging
 - Level 1.7 Stealth
 + Level 2.1 Spellcasting
 - Level 0.8 Transmutations
 + Level 2.8 Earth Magic


You had 3 spell levels left.
You knew the following spells:

 Your Spells              Type           Power      Damage    Failure   Level
a - Sandblast             Erth           20%        2d7       6%          1

Your spell library contained the following spells:

 Spells                   Type           Power      Damage    Failure   Level
 Passwall                 Tmut/Erth      5%         N/A       14%         2
 Stone Arrow              Conj/Erth      12%        3d7       34%         3
 Petrify                  Tmut/Erth      7%         N/A       67%         4


Dungeon Overview and Level Annotations

Branches:
Dungeon (1/15) Zot: 5902

Altars:


Message History

The jackal misses you.
You see here a scroll labelled JODYID TUDIM.
c - a scroll labelled JODYID TUDIM The jackal bites you but does no damage.
The jackal barely misses you.
The jackal bites you but does no damage.
The endoplasm attacks as you move away!
The endoplasm hits you but does no damage.
There are no items here.
The jackal attacks as you move away! The jackal bites you.
The endoplasm jiggles.
The jackal closely misses you.
You barely miss the jackal. The jackal misses you.
You closely miss the jackal. The jackal closely misses you.
You hit the jackal.
The jackal is moderately wounded.
The jackal closely misses you.
Casting: Sandblast (safe; 6% risk of failure)
Confirm with . or Enter, or press ? or * to list all spells.
Aiming: Sandblast (safe; 6% risk of failure)
Press: ? - help, Shift-Dir - straight line, f - jackal
Aim: a jackal (moderately wounded, 77% to hit)
The blast of sand hits the jackal!
You kill the jackal!
The jackal bites you.
Unknown command.
Magic courses through your body. The jackal closely misses you.
The jackal bites you.
* * * LOW HITPOINT WARNING * * *
Casting: Sandblast (safe; 6% risk of failure)
Confirm with . or Enter, or press ? or * to list all spells.
Aiming: Sandblast (safe; 6% risk of failure)
Press: ? - help, Shift-Dir - straight line, f - jackal
Aim: a jackal (77% to hit)
The blast of sand hits the jackal.
The jackal is moderately wounded.
The jackal bites you.
* * * LOW HITPOINT WARNING * * *
The jackal bites you.
You die...

#.# ......#.. ######.######
....... ..# #≈≈≈≈♣~♣≈≈≈≈#
....... h.. #≈.P.....P.≈#
....... .. #≈PPP...PPP≈#
.....# .## #♣.P.....P.♣#..
...####... ......<....~...
#.....###
#♣.P.....♣.♣#..####...†.#.#
#≈PPP...♣♣♣≈#...@hJ.......#
#≈(P.....♣.≈#...###.....#...#
#≈...♣.♣...≈#.## #.....# ##
#≈≈≈≈♣)♣≈≈≈≈#.# #.....##...
######.######.#####...†......
.........[..#......#####.....
###.#..##......###.# .....
#.........##.# #.# .....
...##.###..###.# #.# .....


You could see an endoplasm and a jackal.

Vanquished Creatures
  An endoplasm (D:1)
  3 jackals (D:1)
  A ball python (D:1)
5 creatures vanquished.

Notes
Turn   | Place    | Note
-------+----------+-------------------------------------------
     0 | D:1      | protoss039 the Demonspawn Earth Elementalist began the
                  | quest for the Orb.
     0 | D:1      | Reached XP level 1. HP: 13/13 MP: 3/3
    93 | D:1      | Slain by a jackal

Illustrated notes

Levels and vault maps discovered:
D:1:      ldierk_walled_garden, layout_basic, serial_corexii_hall,
          chequers_hall_statues_corner_a, corexii_hall_statues_l,
          minmay_tetromino_o2

Action                   || total
-------------------------++-------
Melee: Unarmed           ||     3
 Cast: Sandblast         ||     7
  Use: Potion            ||     1
Armor: Robe              ||     4
Dodge: Dodged            ||    12
